Construct Section Command Post
Selects Indian Artillery Battlegroup
Selects Artillery Saturation
Construct Platoon Command Post
Selects Off-map Airburst Barrage
Construct Company Command Post
Selects BL5.5 Artillery Emplacement
6-pounder Anti-tank Gun Team
Selects Gurkha Rifles Section
Construct Field Infirmary